 Dungeon Crawl Stone Soup version 0.28-a0-655-g4eb62b627b (webtiles) character file.

Game seed: 3677234802913333819

2520 bande the Blocker (level 9, -12/54 HPs)
             Began as a Gargoyle Fighter on Oct 13, 2021.
             Mangled by a two-headed ogre (16 damage)
             ... on level 5 of the Dungeon.
             The game lasted 00:10:55 (5819 turns).

bande the Blocker (Gargoyle Fighter)                Turns: 5819, Time: 00:10:57

Health: -12/54     AC: 16    Str: 21    XL:     9   Next: 54%
Magic:  9/9        EV:  8    Int:  9    God:
Gold:   153        SH:  7    Dex: 11    Spells: 8/8 levels left

rFire   . . .      SeeInvis .   a - +0 war axe
rCold   . . .      Faith    .   c - +1 buckler
rNeg    + . .      Spirit   .   e - +0 chain mail
rPois   ∞          Reflect  .   (no helmet)
rElec   +          Harm     .   (no cloak)
rCorr   .          Rampage  .   (no gloves)
Will    .....                   (no boots)
Stlth   ..........              (no amulet)
HPRegen 0.18/turn               (no ring)
MPRegen 0.11/turn               (no ring)

@: no status effects
A: sickness immunity, AC +6, negative energy resistance 1, electricity
resistance, torment resistance 1, petrification resistance, sense surroundings 1
a: no special abilities


You were on level 5 of the Dungeon.
You visited 2 branches of the dungeon, and saw 6 of its levels.

You collected 153 gold pieces.

Inventory:

Hand Weapons
 a - a +0 war axe (weapon)
 f - a +0 war axe
 l - a +2 vorpal flail
Missiles
 j - 2 throwing nets (quivered)
Armour
 c - a +1 buckler (worn)
 e - a +0 chain mail (worn)
Jewellery
 g - a ring of magical power
 i - a ring of protection from fire
Wands
 k - a wand of mindburst (12)
Scrolls
 b - a scroll of blinking
 m - a scroll of fear {unknown}
Potions
 d - a potion of might
 h - a potion of heal wounds


   Skills:
 + Level 5.5 Fighting
 + Level 10.3 Axes
 + Level 6.2 Armour
 + Level 10.5 Shields
 * Level 0.2 Evocations


You had 8 spell levels left.
You didn't know any spells.
Your spell library contained the following spells:

 Spells                   Type           Power      Damage    Failure   Level
 Beastly Appendage        Tmut           0%         N/A       97%         1
 Pain                     Necr           0%         1d4       97%         1
 Static Discharge         Conj/Air       0%         N/A       99%         2
 Wereblood                Tmut           0%         N/A       99%         2
 Spider Form              Tmut/Pois      0%         N/A       100%        3
 Dispel Undead            Necr           0%         3d6       100%        4
 Sticky Flame             Conj/Fire      0%         2d3       100%        4
 Agony                    Necr           0%         N/A       100%        5
 Blade Hands              Tmut           0%         N/A       100%        5
 Excruciating Wounds      Necr           0%         N/A       100%        5
 Irradiate                Conj/Tmut      0%         3d13      100%        5
 Dragon Form              Tmut           0%         N/A       100%        7


Dungeon Overview and Level Annotations

Branches:
Dungeon (5/15)             Temple (1/1) D:5

Altars:
Cheibriados
Elyvilon
Fedhas
Gozag
Kikubaaqudgha
Makhleb
Qazlal
Ru
Trog
Uskayaw
Vehumet
Xom
Yredelemnul
Zin
The Shining One


Innate Abilities, Weirdness & Mutations

You are immune to sickness and miasma.
Your stone body is resilient. (AC +6)
You are immune to poison.
You resist negative energy. (rN+)
You are resistant to electric shocks. (rElec)
You are resistant to unholy torment.
You are immune to petrification.
You passively map a small area around you.


Message History

No target in view!
An iguana comes into view.
An iguana is nearby!
Found 16 gold pieces.
You closely miss the iguana. You block the iguana's attack.
You slash the iguana!
The iguana is heavily wounded.
The iguana bites you but does no damage.
You hit the iguana but do no damage.
The iguana is heavily wounded.
The iguana bites you but does no damage.
You slash the iguana!
You kill the iguana!
No target in view!
No target in view!
No target in view!
No target in view!
No target in view!
You see here an iguana corpse.
Found a stone staircase leading up.
You now have 153 gold pieces (gained 16).
i - a ring of protection from fire
m - a scroll labelled QENADE ZIABEA You see here an iguana corpse.
Found a trident.
Found a stone staircase leading down.
Found a stone staircase leading down.
A two-headed ogre comes into view.
It is wielding a +0 giant spiked club and a +0 giant club.
The two-headed ogre shouts in stereo!
A two-headed ogre is nearby!
Your chain mail prevents you from hitting the two-headed ogre.
The two-headed ogre hits you with a +0 giant spiked club!!
The two-headed ogre closely misses you.
You slash the two-headed ogre!
The two-headed ogre is moderately wounded.
The two-headed ogre hits you with a +0 giant spiked club!!
Ouch! That really hurt!
* * * LOW HITPOINT WARNING * * *
The two-headed ogre hits you with a +0 giant club!
You die...

....#######.........#
.#### #.........##
...### ##.........#
.....# #.........#
.....# ##........##
.....# #.........#
.....# ##........#
.....# #........#
.....# ##.@....##
....## #.O....# ...##
#.....># .###
##.....#* .##
#..>...# ..# #......#
..# ##.....# ..#
.....# #.## *


You could see a two-headed ogre.

Vanquished Creatures
  Pikel (D:4)
  A steam dragon (D:5)
  Edmund (D:5)
  A bullfrog (D:4)
  2 scorpions
  A gnoll shaman (D:4)
  A jelly (D:4)
  2 centaur skeletons
  Ijyb (Temple)
  Terence (D:3)
  2 iguanas (D:5)
  2 orc wizards (D:4)
  A killer bee zombie (D:4)
  2 hound skeletons (D:4)
  4 adders
  4 gnolls (D:4)
  A howler monkey skeleton (D:5)
  A white imp (D:5)
  4 worms
  A dart slug (D:3)
  4 orcs (D:4)
  6 endoplasms
  3 giant cockroaches
  3 goblins
  12 hobgoblins
  5 jackals
  3 quokkas
  3 ball pythons
  3 bats
  A frilled lizard (D:2)
  6 kobolds
  A rat (D:3)
84 creatures vanquished.

Vanquished Creatures (others)
  A white imp (D:5)
1 creature vanquished.

Grand Total: 85 creatures vanquished

Notes
Turn   | Place    | Note
-------+----------+-------------------------------------------
     0 | D:1      | bande the Gargoyle Fighter began the quest for the Orb.
     0 | D:1      | Reached XP level 1. HP: 14/14 MP: 1/1
   313 | D:1      | Reached XP level 2. HP: 17/19 MP: 2/2
   603 | D:2      | Gained mutation: You passively map a small area around you.
                  | [potion of mutation]
  1016 | D:2      | Reached XP level 3. HP: 18/23 MP: 3/3
  1253 | D:2      | Found a faded altar of an unknown god.
  1889 | D:3      | Found an opulent altar of Gozag.
  2059 | D:3      | Reached XP level 4. HP: 25/29 MP: 4/4
  2150 | D:3      | Noticed Terence
  2165 | D:3      | Killed Terence
  2661 | D:3      | Found a snail-covered altar of Cheibriados.
  2830 | D:4      | Reached XP level 5. HP: 30/33 MP: 5/5
  3420 | D:4      | Reached XP level 6. HP: 23/38 MP: 6/6
  4118 | D:4      | Noticed Pikel
  4131 | D:4      | HP: 1/38 [lemure[Pikel] (3)]
  4133 | D:4      | Killed Pikel
  4134 | D:4      | Reached skill level 5 in Axes
  4134 | D:4      | Reached skill level 5 in Armour
  4134 | D:4      | Reached XP level 7. HP: 14/44 MP: 7/7
  4626 | D:4      | Reached XP level 8. HP: 41/48 MP: 8/8
  4780 | D:5      | Entered Level 5 of the Dungeon
  4795 | D:5      | Reached skill level 5 in Fighting
  5054 | D:5      | Found a staircase to the Ecumenical Temple.
  5059 | D:5      | Noticed Ijyb
  5067 | Temple   | Entered the Ecumenical Temple
  5075 | Temple   | Killed Ijyb
  5274 | D:5      | Noticed Edmund
  5295 | D:5      | Killed Edmund
  5567 | D:5      | Reached skill level 10 in Axes
  5567 | D:5      | Reached skill level 10 in Shields
  5567 | D:5      | Reached XP level 9. HP: 54/54 MP: 9/9
  5814 | D:5      | Noticed a two-headed ogre
  5819 | D:5      | Mangled by a two-headed ogre

Illustrated notes

Levels and vault maps discovered:
D:1:      tarquinn_simple_flora_water_c, layout_basic, kennysheep_crisscross,
          chequers_decorated_corner, minmay_misc_feat_rugged,
          corexii_corridor_pit, minmay_misc_feat_more_columns
D:2:      layout_basic, shapermc_ecumenical_altar_starsandcircs
D:3:      layout_rooms, cheibrodos_worm_habitat, nicolae_gozag_seed_capital,
          uniq_terence
D:4:      layout_basic, kennysheep_minor_cross, chequers_serial_rivers_large_b,
          uniq_pikel
D:5:      layout_cave_pods, minmay_temple_entry_crystal_x, uniq_ijyb,
          uniq_edmund
Temple:   nicolae_temple_god_jail

Skill      XL: |  1  2  3  4  5  6  7  8 |
---------------+-------------------------+-----
Axes           | 2 3 4 5 10 | 10.3
Shields        | 4 10 | 10.5
Armour         | 4 5 6 |  6.2
Fighting       | 4 5 |  5.5
Evocations     | |  0.2

Action                   |  1- 3 |  4- 6 |  7- 9 || total
-------------------------+-------+-------+-------++-------
Melee: War axe           |   117 |   182 |    74 ||   373
  Use: Potion            |     1 |     3 |     1 ||     5
       Scroll            |     3 |       |     5 ||     8
Armor: Scale mail        |    72 |    21 |       ||    93
       Chain mail        |       |   125 |    37 ||   162
Dodge: Dodged            |    59 |    68 |    31 ||   158
Block: Buckler           |    28 |    46 |    13 ||    87

Table legend: (Time is in decaauts)
 A = Elapsed time spent in this place.
 B = Non-inter-level travel time spent in this place.
 C = Inter-level travel time spent in this place.
 D = Time resting spent in this place.
 E = Time spent auto-exploring this place.
 F = Levels seen in this place.
 G = Mean time per level.
                   A        B        C        D        E       F      G
               +--------+--------+--------+--------+--------+-----+--------+
         Total |   5976 |   5976 |      0 |   1495 |   3485 |   6 |  996.0 |
       Dungeon |   5864 |   5864 |      0 |   1495 |   3412 |   5 | 1172.8 |
        Temple |    112 |    112 |      0 |      0 |     73 |   1 |  112.0 |
               +--------+--------+--------+--------+--------+-----+--------+

Top non-repeatable levels by time:
     D:4: 2268 daAuts
     D:2: 1305 daAuts
     D:3: 983 daAuts
     D:5: 696 daAuts
     D:1: 610 daAuts
  Temple: 112 daAuts
